 Dungeon Crawl Stone Soup version 0.29.1-2-gbd0b4ee654 (webtiles) character file.

Game seed: 7970378554830076690

114 LustLizard the Vexing (level 4, -7/23 HPs)
             Began as a Spriggan Arcane Marksman on Oct 30, 2022.
             Killed from afar by an orc wizard (9 damage)
             ... with a puff of flame
             ... on level 3 of the Dungeon.
             The game lasted 00:05:10 (2624 turns).

LustLizard the Vexing (Spriggan Arcane Marksman)    Turns: 2624, Time: 00:05:11

Health: -7/23      AC:  2    Str:  6    XL:     4   Next: 66%
Magic:  7/7        EV: 17    Int: 14    God:
Gold:   3          SH:  0    Dex: 17    Spells: 2/6 levels left

rFire   . . .      SeeInvis +   a - +1 sling
rCold   . . .      Faith    .   (no shield)
rNeg    . . .      Spirit   .   c - +0 robe
rPois   .          Reflect  .   (helmet restricted)
rElec   .          Harm     .   (no cloak)
rCorr   .          Rampage  .   (gloves unavailable)
Will    .....                   (boots unavailable)
Stlth   ++........              (no amulet)
HPRegen 0.07/turn               (no ring)
MPRegen 0.10/turn               (no ring)

@: very quick
A: very small, no large weapons, unfitting armour, see invisible, speed 3
a: no special abilities


You were on level 3 of the Dungeon.
You visited 1 branch of the dungeon, and saw 3 of its levels.

You collected 73 gold pieces.
You spent 70 gold pieces at shops.

Inventory:

Hand Weapons
 a - a +1 sling (weapon)
Armour
 c - a +0 robe (worn)
Jewellery
 e - a ring of wizardry
Wands
 q - a wand of paralysis (6)
Scrolls
 b - a scroll of poison
 f - a scroll of immolation {unknown}
 g - a scroll of teleportation {unknown}
 h - a scroll of brand weapon {unknown}
 i - 2 scrolls of identify {unknown}
 k - a scroll of vulnerability {unknown}
 l - a scroll of amnesia {unknown}
 o - a scroll of magic mapping {unknown}
Potions
 d - 3 potions of heal wounds
 j - a potion of ambrosia {unknown}
 m - a potion of invisibility {unknown}
 n - a potion of lignification {unknown}
 p - a potion of berserk rage {unknown}


   Skills:
 + Level 1.7 Fighting
 * Level 3.4 Ranged Weapons
 - Level 2.6 Dodging
 + Level 2.7 Stealth
 + Level 1.8 Spellcasting
 - Level 4.0 Hexes
 + Level 0.6 Fire Magic


You had 2 spell levels left.
You knew the following spells:

 Your Spells              Type           Power      Damage    Failure   Level
a - Slow                  Hex            48%        N/A       4%          1
b - Inner Flame           Hex/Fire       7%         N/A       28%         3

Your spell library contained the following spells:

 Spells                   Type           Power      Damage    Failure   Level
 Tukima's Dance           Hex            12%        N/A       14%         3
 Portal Projectile        Hex/Tloc       12%        N/A       32%         3
 Cause Fear               Hex            6%         N/A       43%         4
 Blade Hands              Tmut           0%         N/A       100%        5


Dungeon Overview and Level Annotations

Branches:
Dungeon (3/15)

Altars:
Hepliaklqana
Xom

Shops:
D:2 ?   D:3 *

Annotations:
D:3 Grinder


Innate Abilities, Weirdness & Mutations

You are very small and have problems with some larger weapons.
You are too small for most types of armour.
You have supernaturally acute eyesight. (SInv)
You cover ground extremely quickly. (Speed+++)


Message History

Fire: a) +1 sling
Press: ? - help, Q - select action, (/) - cycle Shift-Dir - straight line, f - orc, p - orc wizard
Aim: an orc, wielding a +0 club (59% to hit)
You shoot a sling bullet. The sling bullet hits the orc!
You kill the orc!
Unknown command.
You start waiting.
An orc wizard is nearby!
You shoot a sling bullet. The sling bullet hits the orc wizard.
The orc wizard is lightly wounded.
The orc wizard gestures at you while chanting.
The magic dart hits you!
You shoot a sling bullet.
The sling bullet hits the orc wizard but does no damage.
The orc wizard is lightly wounded.
You shoot a sling bullet. The sling bullet hits the orc wizard.
The orc wizard is lightly wounded.
You shoot a sling bullet.
The sling bullet closely misses the orc wizard.
You shoot a sling bullet.
The sling bullet closely misses the orc wizard.
The orc wizard hits you with a +0 dagger.
The orc wizard casts a spell at you.
You are confused.
There is a stone staircase leading up here.
In your confused state, you trip and fall back down the stairs.
The orc wizard casts a spell at you. The magic dart hits you!
* * * LOW HITPOINT WARNING * * *
In your confused state, you trip and fall back down the stairs.
* * * LOW HITPOINT WARNING * * *
The orc wizard hits you with a +0 dagger.
* * * LOW HITPOINT WARNING * * *
The orc wizard misses you.
In your confused state, you trip and fall back down the stairs.
* * * LOW HITPOINT WARNING * * *
You feel less confused. The orc wizard casts a spell at you.
The puff of flame hits you!
You die...

.............#
.............#
#..........#.. ######
#####...###### #....#
###..##
#....###########..#
#..............##.#
####..##........#.#
##@##........#.#
#o##........#.####
#...............5.
###........##.###.
##..............
#........>.....
###.....#......
##)....#......
########...##.##.#.##


You could see an orc wizard.

Vanquished Creatures
  Robin (D:2)
  3 adders
  3 dart slugs (D:1)
  5 orcs
  3 ball pythons (D:1)
  5 endoplasms
  4 giant cockroaches
  9 goblins
  8 hobgoblins
  5 kobolds
  3 quokkas
  4 frilled lizards (D:1)
  6 rats
59 creatures vanquished.

Notes
Turn   | Place    | Note
-------+----------+-------------------------------------------
     0 | D:1      | LustLizard the Spriggan Arcane Marksman began the quest for
                  | the Orb.
     0 | D:1      | Reached XP level 1. HP: 9/9 MP: 3/3
   134 | D:1      | Reached skill level 1 in Stealth
   134 | D:1      | Reached XP level 2. HP: 14/14 MP: 5/5
   142 | D:1      | Reached skill level 1 in Fighting
   167 | D:1      | Reached skill level 4 in Hexes
   294 | D:1      | Found a faded altar of an unknown god.
   385 | D:1      | You fall into a shaft and drop 1 floor!
   444 | D:2      | Reached XP level 3. HP: 18/18 MP: 4/6
   459 | D:1      | Learned a level 3 spell: Inner Flame
  1158 | D:2      | Noticed Robin
  1299 | D:2      | Killed Robin
  1300 | D:2      | Reached XP level 4. HP: 22/22 MP: 7/7
  1367 | D:2      | Found a shimmering altar of Xom.
  1802 | D:2      | Found Atotsa's Magic Scroll Shoppe.
  1817 | D:3      | Noticed Grinder
  1817 | D:3      | Found a hazy altar of Hepliaklqana.
  1851 | D:3      | Found Woahufy's General Store.
  2203 | D:3      | Bought a potion of heal wounds for 70 gold pieces
  2243 | D:3      | Paralysed by Grinder for 4 turns
  2624 | D:3      | HP: 1/23 [fell downstairs (1)]
  2624 | D:3      | Killed from afar by an orc wizard

Illustrated notes

Levels and vault maps discovered:
D:1:      dpeg_arrival_connections, layout_basic,
          chequers_ecumenical_altar_simple_redux
D:2:      layout_basic, serial_shops, nicolae_shop_behind_doors, basic_altar,
          uniq_robin
D:3:      layout_rooms, kiku_gazebo_pond_becter,
          mainiacjoe_overflow_tiny_flanked, serial_shops, shop, uniq_grinder

Skill      XL: |  1  2  3 |
---------------+----------+-----
Stealth        | 1 2 |  2.7
Fighting       | 1 |  1.7
Hexes          | 4 |  4.0
Ranged Weapons | 3 |  3.4
Dodging        | |  2.6
Spellcasting   | |  1.8
Fire Magic     | |  0.6

Action                   |  1- 3 |  4- 6 || total
-------------------------+-------+-------++-------
 Fire: Sling             |   122 |    66 ||   188
 Cast: Slow              |     1 |    10 ||    11
Armor: Robe              |     1 |     1 ||     2
Dodge: Dodged            |    24 |    19 ||    43
